 Dungeon Crawl Stone Soup version 0.29-a0-231-g945431f764 (webtiles) character file.

Game seed: 2963739007000989006

79 lunkers the Bolt Thrower (level 4, 0/28 HPs)
             Began as a Kobold Hunter on Feb 28, 2022.
             Slain by a scorpion (2 damage)
             ... on level 3 of the Dungeon.
             The game lasted 00:01:00 (1343 turns).

lunkers the Bolt Thrower (Kobold Hunter)            Turns: 1343, Time: 00:01:01

Health: 0/28       AC:  3    Str:  9    XL:     4   Next: 64%
Magic:  4/4        EV: 14    Int: 12    God:
Gold:   65         SH:  0    Dex: 17    Spells: 3/3 levels left

rFire   . . .      SeeInvis .   a - +1 hand crossbow
rCold   . . .      Faith    .   (no shield)
rNeg    . . .      Spirit   .   b - +0 leather armour
rPois   .          Reflect  .   (no helmet)
rElec   .          Harm     .   (no cloak)
rCorr   .          Rampage  .   (no gloves)
Will    .....                   (no boots)
Stlth   +++.......              (no amulet)
HPRegen 0.09/turn               (no ring)
MPRegen 0.09/turn               (no ring)

@: lethally poisoned (0 -> -9)
A: small, no large weapons, nightstalker 3
a: no special abilities


You were on level 3 of the Dungeon.
You visited 1 branch of the dungeon, and saw 3 of its levels.

You collected 65 gold pieces.

Inventory:

Hand Weapons
 a - a +1 hand crossbow (weapon)
 l - a +3 dagger
Armour
 b - a +0 leather armour (worn)
Jewellery
 e - a ring of resist corrosion
 j - an amulet of magic regeneration
Scrolls
 f - a scroll of holy word {unknown}
 g - 2 scrolls of identify {unknown}
 i - a scroll of blinking {unknown}
 k - a scroll of fog {unknown}
 n - a scroll of fear {unknown}
 o - a scroll of teleportation {unknown}
Potions
 c - a potion of degeneration {unknown}
 d - 2 potions of cancellation {unknown}
 h - a potion of attraction {unknown}
 m - a potion of brilliance {unknown}
 p - a potion of heal wounds {unknown}


   Skills:
 + Level 3.3 Fighting
 * Level 6.9 Crossbows
 - Level 2.4 Dodging
 - Level 1.3 Stealth


You had 3 spell levels left.
You didn't know any spells.
Your spell library was empty.

Dungeon Overview and Level Annotations

Branches:
Dungeon (3/15)

Altars:


Innate Abilities, Weirdness & Mutations

You are small and have problems with some larger weapons.
You are completely attuned to the shadows.


Message History

There is a stone staircase leading up here.
No target in view!
Found a ring mail.
No target in view!
A bat and a scorpion come into view.
Found 18 gold pieces.
The bat moves out of view.
You shoot a bolt. The bolt hits the scorpion.
The scorpion is moderately wounded.
A scorpion is nearby!
You shoot a bolt. The bolt barely misses the scorpion.
You shoot a bolt. The bolt closely misses the scorpion.
The scorpion stings you.
You are poisoned.
The scorpion poisons you!
A scorpion is nearby!
You shoot a bolt. The bolt hits the scorpion.
The scorpion is heavily wounded.
You feel very sick. The scorpion closely misses you. The scorpion misses you.
You shoot a bolt. The bolt hits the scorpion.
The scorpion is severely wounded.
You feel sick. The scorpion stings you.
You are more poisoned.
The scorpion poisons you!
You shoot a bolt. The bolt hits the scorpion.
The scorpion is severely wounded.
* * * LOW HITPOINT WARNING * * *
You feel very sick. The scorpion stings you!
* * * LOW HITPOINT WARNING * * *
Shoot: a) +1 hand crossbow
Press: ? - help, Q - select action Shift-Dir - straight line, f/p - scorpion
Aim: a scorpion (severely wounded, 66% to hit)
You shoot a bolt.
The bolt hits the scorpion but does no damage.
The scorpion is severely wounded.
* * * LOW HITPOINT WARNING * * *
You feel very sick. The scorpion misses you. The scorpion stings you.
You die...

#...<#
#<...#
#....#
#....#####
#.........
......###
......##
.......#
.....@.#
....s.#
......#
.[.....
..$....#


You could see a scorpion.

Vanquished Creatures
  Jessica (D:2)
  An adder (D:2)
  A worm (D:2)
  A dart slug (D:2)
  2 ball pythons
  5 endoplasms
  2 giant cockroaches
  8 goblins
  2 hobgoblins (D:2)
  2 quokkas
  4 bats
  2 frilled lizards
  3 kobolds
  3 rats
37 creatures vanquished.

Notes
Turn   | Place    | Note
-------+----------+-------------------------------------------
     0 | D:1      | lunkers the Kobold Hunter began the quest for the Orb.
     0 | D:1      | Reached XP level 1. HP: 12/12 MP: 1/1
   166 | D:1      | Reached XP level 2. HP: 18/18 MP: 2/2
   186 | D:1      | Found a faded altar of an unknown god.
   370 | D:1      | Reached skill level 6 in Crossbows
   545 | D:2      | Noticed Jessica
   550 | D:2      | Killed Jessica
   551 | D:2      | Reached XP level 3. HP: 21/23 MP: 3/3
   650 | D:2      | Reached XP level 4. HP: 24/28 MP: 4/4
  1336 | D:3      | Noticed a scorpion
  1343 | D:3      | Slain by a scorpion

Illustrated notes

Levels and vault maps discovered:
D:1:      dpeg_arrival_stonehenge_8_columns, layout_rooms,
          hellmonk_ecumenical_altar_run_dry
D:2:      layout_basic, uniq_jessica
D:3:      layout_rooms, nicolae_uskayaw_murder_on_the_dancefloor, st_stairs_7,
          grunt_decor_cap

Skill      XL: |  1  2 |
---------------+-------+-----
Crossbows      | 6 |  6.9
Fighting       | 3 |  3.3
Dodging        | |  2.4
Stealth        | |  1.3

Action                   |  1- 3 |  4- 6 || total
-------------------------+-------+-------++-------
 Fire: Hand crossbow     |    37 |    51 ||    88
Armor: Leather armour    |     1 |     3 ||     4
Dodge: Dodged            |     1 |    22 ||    23

Table legend: (Time is in decaauts)
 A = Elapsed time spent in this place.
 B = Non-inter-level travel time spent in this place.
 C = Inter-level travel time spent in this place.
 D = Time resting spent in this place.
 E = Time spent auto-exploring this place.
 F = Levels seen in this place.
 G = Mean time per level.
                   A        B        C        D        E       F      G
               +--------+--------+--------+--------+--------+-----+--------+
         Total |   1362 |   1314 |     48 |      0 |   1123 |   3 |  454.0 |
       Dungeon |   1362 |   1314 |     48 |      0 |   1123 |   3 |  454.0 |
               +--------+--------+--------+--------+--------+-----+--------+

Top non-repeatable levels by time:
     D:2: 865 daAuts
     D:1: 481 daAuts
     D:3: 15 daAuts
